 Dungeon Crawl Stone Soup version 0.31-a0-1-g4198be8af4 (webtiles) character file.

Game seed: 15081539757493739796

44 subawu the Cutter (level 3, 0/39 (46) HPs)
             Began as a Gnoll Reaver on May 1, 2023.
             Succumbed to a goblin's poison
             ... on level 2 of the Dungeon on May 2, 2023.
             The game lasted 00:16:49 (2172 turns).

subawu the Cutter (Gnoll Reaver)                    Turns: 2172, Time: 00:16:49

HP:   0/39 (46)     AC: 21    Str: 11    XL:     3   Next: 60%
MP:   8/9           EV:  2    Int: 12    God:
Gold: 136           SH:  3    Dex: 12    Spells: 11/12 levels left

rFire   . . .        a - +0 short sword
rCold   . . .        o - +0 buckler
rNeg    . . .        h - melded +1 ring mail
rPois   +            k - melded +0 helmet
rElec   .            (cloak currently unavailable)
rCorr   .            (gloves currently unavailable)
SInv    .            F - melded +0 pair of boots
Will    +....        (no amulet)
Stlth   +            z - ring of willpower
HPRegen 0.26/turn    (no ring)
MPRegen 0.11/turn

%: no passive effects
@: lethally poisoned (0 -> -6), tree-form, heavily drained
A: stationary, stasis, torment immunity, boosted hp, (fangs 1), strong nose,
distributed training
a: no special abilities


You were on level 2 of the Dungeon.
You were a tree.
You visited 1 branch of the dungeon, and saw 2 of its levels.

You collected 136 gold pieces.

Inventory:

Hand Weapons
 a - a +0 short sword (weapon)
 e - a +0 dagger
 i - a +1 club
 l - a +0 club
 n - a +0 dagger
 p - a +0 spear
 q - a +0 club
 r - a +0 dagger
 t - a +0 club
 u - a +0 club
 w - a +0 dagger
 x - a +1 heavy sling
 C - a +0 dagger
Missiles
 c - 24 stones
 E - 3 javelins
Armour
 b - a +0 leather armour
 h - a +1 ring mail (melded)
 k - a +0 helmet (melded)
 o - a +0 buckler (worn)
 s - a +0 ring mail
 A - a +0 leather armour
 F - a +0 pair of boots (melded)
Jewellery
 z - a ring of willpower (left branch)
Scrolls
 g - 9 scrolls of identify
 v - a scroll of enchant armour
 y - a scroll of enchant weapon
Potions
 d - a potion of curing
 f - a potion of degeneration {unknown}
 m - a potion of haste {unknown}


   Skills:
 + Level 4.5 Fighting
 + Level 6.5 Short Blades
 + Level 0.9 Long Blades
 + Level 0.9 Axes
 + Level 0.9 Maces & Flails
 + Level 0.9 Polearms
 + Level 0.9 Staves
 + Level 0.9 Ranged Weapons
 + Level 0.9 Throwing
 + Level 0.9 Armour
 + Level 4.5 Dodging
 + Level 0.9 Stealth
 + Level 0.9 Shields
 + Level 0.9 Unarmed Combat
 + Level 5.0 Spellcasting
 + Level 5.4 Conjurations
 + Level 0.6 Hexes
 + Level 0.6 Summonings
 + Level 0.6 Necromancy
 + Level 0.6 Translocations
 + Level 0.6 Transmutations
 + Level 0.6 Fire Magic
 + Level 0.6 Ice Magic
 + Level 0.6 Air Magic
 + Level 0.6 Earth Magic
 + Level 0.6 Poison Magic
 + Level 1.0 Invocations
 + Level 0.9 Evocations


You had 11 spell levels left.
You knew the following spells:

 Your Spells              Type           Power      Damage    Failure   Level
a - Kiss of Death         Conj/Necr      40%        2d8       9%          1

Your spell library contained the following spells:

 Spells                   Type           Power      Damage    Failure   Level
 Momentum Strike          Conj/Tloc      20%        3d8       13%         2
 Hailstorm                Conj/Ice       10%        3d5       26%         3
 Ensorcelled Hibernation  Hex/Ice        8%         N/A       34%         2
 Spider Form              Tmut/Pois      4%         N/A       56%         3
 Iskenderun's Battlesphe  Conj           16%        2d7       65%         5
 Anguish                  Hex/Necr       2%         N/A       92%         4
 Fireball                 Conj/Fire      5%         3d5       93%         5
 Conjure Ball Lightning   Conj/Air       5%         3x3d6     100%        6
 Orb of Destruction       Conj           8%         9d6       100%        7


Dungeon Overview and Level Annotations

Branches:
Dungeon (2/15)

Altars:

Shops:
D:2 =

Annotations:
D:2 Robin


Innate Abilities, Weirdness & Mutations

You are a tree.
Your roots penetrate the ground, keeping you stationary.
You cannot be teleported.
You are immune to unholy pain and torment.
Your maximum health is greatly increased.
Your equipment is partially melded.
((You have very sharp teeth.))
Your uncanny sense of smell can sniff out nearby items.
Your experience applies equally to all skills.


Message History

You feel sick.
The goblin no longer looks unusually strong. x2
You block the goblin's attack. The goblin hits you but does no damage.
The hobgoblin hits you but does no damage.
You block the hobgoblin's attack.
The hobgoblin hits you but does no damage.
The goblin hits you but does no damage.
You are lethally poisoned!
The goblin hits you but does no damage.
Casting: Kiss of Death (safe; 9% risk of failure)
Confirm with . or Enter, or press ? or * to list all spells.
Aiming: Kiss of Death (safe; 9% risk of failure)
Press: ? - help, Shift-Dir - straight line, f - goblin
Aim: a goblin, wielding a +1 dagger of venom (severely wounded, 100% to hit)
The negative energy hits the goblin.
The goblin is drained!
You kill the goblin!
You feel drained.
* * * LOW HITPOINT WARNING * * *
You feel very sick.
The goblin hits you but does no damage. x2
The hobgoblin hits you but does no damage. x2
The hobgoblin splashes around in the water.
The goblin hits you but does no damage. The goblin hits you with a +0 club.
* * * LOW HITPOINT WARNING * * *
You cannot move.
You cannot move.
Unknown command.
You closely miss the goblin.
The goblin is moderately wounded.
* * * LOW HITPOINT WARNING * * *
You feel sick.
The goblin no longer looks unusually strong.
The goblin hits you but does no damage. x2
The hobgoblin hits you but does no damage.
The goblin completely misses you.
The hobgoblin hits you but does no damage.
You block the hobgoblin's attack.
You hit the goblin.
You kill the goblin!
You die... # # #.......# ######### #...# #.......# #........ #...# #.......## ......# ######~.~#########...... #.....# ...?.~~.~~..... #....## ......# .....⌠..... ####### ......# .~glg~. #.. ......####### #ggg#

##.. #...........#
#g♣g# ....
#...........# #))g#
.... #...........#
#...# ....
.......####.# #...#
...# ######.## #.#
#...# ... # #..#
#.###...# .# #
###..###.#.#...#
####..........#'''#
...#..............#


You could see Robin, 3 hobgoblins, 4 goblins and a frilled lizard.

Vanquished Creatures
  A gnoll (D:1)
  2 ball pythons (D:2)
  An endoplasm (D:1)
  A giant cockroach (D:2)
  9 goblins
  3 hobgoblins (D:1)
  2 quokkas (D:1)
  3 bats
  6 frilled lizards
  3 kobolds (D:1)
  2 rats (D:1)
33 creatures vanquished.

Notes
Turn   | Place    | Note
-------+----------+-------------------------------------------
     0 | D:1      | subawu the Gnoll Reaver began the quest for the Orb.
     0 | D:1      | Reached XP level 1. HP: 20/20 MP: 6/6
   313 | D:1      | Found a faded altar of an unknown god.
   378 | D:1      | Reached XP level 2. HP: 19/26 MP: 7/7
   633 | D:1      | Reached skill level 5 in Spellcasting
   633 | D:1      | Reached XP level 3. HP: 29/31 MP: 7/9
  1606 | D:2      | Found Raunea's Jewellery Shop.
  1979 | D:2      | Reached skill level 1 in Invocations
  2148 | D:2      | Noticed Robin
  2171 | D:2      | HP: 1/39 [poisoned by a goblin]
  2172 | D:2      | Succumbed to a goblin's poison

Illustrated notes

Levels and vault maps discovered:
D:1:      minmay_arrival_three_doors, layout_loops_corners,
          hellmonk_ecumenical_altar_inner_sanctum
D:2:      layout_basic, serial_shops, nicolae_shop_trees,
          kennysheep_cross_bottleneck, kennysheep_generic_room_10, uniq_robin

Skill      XL: |  1  2  3 |
---------------+----------+-----
Spellcasting   | 5 |  5.0
Invocations    | 1 |  1.0
Fighting       | |  4.5
Short Blades   | |  6.5
Long Blades    | |  0.9
Axes           | |  0.9
Maces & Flails | |  0.9
Polearms       | |  0.9
Staves         | |  0.9
Ranged Weapons | |  0.9
Throwing       | |  0.9
Armour         | |  0.9
Dodging        | |  4.5
Stealth        | |  0.9
Shields        | |  0.9
Unarmed Combat | |  0.9
Conjurations   | |  5.4
Hexes          | |  0.6
Summonings     | |  0.6
Necromancy     | |  0.6
Translocations | |  0.6
Transmutations | |  0.6
Fire Magic     | |  0.6
Ice Magic      | |  0.6
Air Magic      | |  0.6
Earth Magic    | |  0.6
Poison Magic   | |  0.6
Evocations     | |  0.9

Action                     || total
---------------------------++-------
  Melee: Short sword       ||   151
         Bite              ||    11
         Punch             ||     3
   Cast: Kiss of Death     ||     1
    Use: Scroll            ||     5
         Potion            ||     1
 Armour: Leather armour    ||     9
         Skin              ||    46
         Ring mail         ||    34
  Dodge: Dodged            ||    98
  Block: Buckler           ||    19

Table legend: (Time is in decaauts)
 A = Elapsed time spent in this place.
 B = Non-inter-level travel time spent in this place.
 C = Inter-level travel time spent in this place.
 D = Time resting spent in this place.
 E = Time spent auto-exploring this place.
 F = Levels seen in this place.
 G = Mean time per level.
                   A        B        C        D        E       F      G
               +--------+--------+--------+--------+--------+-----+--------+
         Total |   2128 |   1876 |    252 |      0 |      0 |   2 | 1064.0 |
       Dungeon |   2128 |   1876 |    252 |      0 |      0 |   2 | 1064.0 |
               +--------+--------+--------+--------+--------+-----+--------+

Top non-repeatable levels by time:
     D:1: 1433 daAuts
     D:2: 695 daAuts
